 Dungeon Sprint DCSS version 0.30.1-11-g7821555f0a (webtiles) character file.

Game seed: 9988965044178397399

207 Heoruswealwe the Spear-Bearer (level 5, -5/53 HPs)
             Began as a Minotaur Fighter on Nov 5, 2023.
             Was an Initiate of Gozag.
             Slain by an orc warrior
             ... wielding a +0 glaive
              (9 damage)
             ... in the Dungeon (Sprint IX: "|||||||||||||||||||||||||||||").
             The game lasted 00:01:03 (99 turns).

Heoruswealwe the Spear-Bearer (Minotaur Fighter)      Turns: 99, Time: 00:01:04

Health: -5/53      AC:  8    Str: 22    XL:     5   Next: 54%
Magic:  4/4        EV:  9    Int:  5    God:    Gozag
Gold:   0          SH:  4    Dex: 10    Spells: 4/4 levels left

rFire   . . .        a - +0 trident
rCold   . . .        d - +0 buckler
rNeg    . . .        c - +0 scale mail
rPois   .            (helmet restricted)
rElec   .            (no cloak)
rCorr   .            (no gloves)
SInv    .            (no boots)
Will    .....        (no amulet) Stlth
                     (no ring)
HPRegen 0.28/turn    (no ring)
MPRegen 0.09/turn

%: no teleportation
@: gold aura
A: horns 2, retaliatory headbutt
a: Renounce Religion, Potion Petition, Call Merchant, Bribe Branch


You were in the Dungeon.
You worshipped Gozag.
Gozag was noncommittal.
You visited 1 branch

Inventory:

Hand Weapons
 a - a +0 trident (weapon)
Armour
 c - a +0 scale mail (worn)
 d - a +0 buckler (worn)
Jewellery
 k - a +3 ring of strength
 l - a +3 ring of dexterity
Wands
 h - a wand of quicksilver (10)
Scrolls
 j - 2 scrolls of blinking
Potions
 b - a potion of might
 e - 5 potions of curing
 f - 2 potions of heal wounds
 g - a potion of haste
 i - a potion of berserk rage


   Skills:
 + Level 7.8 Fighting
 * Level 10.1 Polearms
 + Level 7.8 Armour
 - Level 3.6 Shields


You had 4 spell levels left.
You didn't know any spells.
Your spell library was empty.

Dungeon Overview and Level Annotations

Branches:
Dungeon (1/1)

Altars:
Cheibriados
Dithmenos
Elyvilon
Fedhas
Gozag
Hepliaklqana
Kikubaaqudgha
Makhleb
Nemelex Xobeh
Okawaru
Qazlal
Ru
Sif Muna
Trog
Uskayaw
Vehumet
Wu Jian
Xom
Yredelemnul
Zin
The Shining One
Jiyva
Lugonu


Innate Abilities, Weirdness & Mutations

You have a pair of horns on your head.
You reflexively headbutt those who attack you in melee.


Message History

The wyvern hisses angrily.
The orc warrior shouts!
You block the killer bee's attack.
You closely miss the killer bee. Your headbutt misses the killer bee.
The killer bee stings you but does no damage.
The orc warrior hits you from afar with a +0 glaive!
The killer bee stings you.
You hit the killer bee but do no damage.
You block the killer bee's attack.
You miss the killer bee. Your headbutt misses the killer bee.
You block the killer bee's attack. You block the orc warrior's attack.
The killer bee misses you.
You miss the killer bee. The killer bee barely misses you.
The orc warrior barely misses you.
The kobold demonologist mumbles some strange words.
The howler monkey hoots and howls with incredible vigour!
You block the killer bee's attack.
You hear a shout!
You hit the killer bee but do no damage.
The killer bee closely misses you.
The orc warrior hits you from afar with a +0 glaive!
You closely miss the killer bee. Your headbutt misses the killer bee.
The killer bee stings you! The killer bee stings you.
The orc warrior barely misses you.
You miss the killer bee. The killer bee completely misses you.
The killer bee stings you! You block the orc warrior's attack.
You puncture the killer bee! Your headbutt misses the killer bee.
The killer bee is severely wounded.
The killer bee stings you.
* * * LOW HITPOINT WARNING * * *
The howler monkey hoots and howls with incredible vigour!
You block the killer bee's attack.
The orc warrior hits you from afar with a +0 glaive!
* * * LOW HITPOINT WARNING * * *
The kobold demonologist casts a spell.
You puncture the killer bee!
You kill the killer bee!
Your Polearms skill increases to level 10!
The orc warrior hits you with a +0 glaive!
You die...
Your body crumbles into a pile of gold. $$$$$ $ $ $ $$$$$ $$$$$ $ $ ▓▓▓▓▓▓▓▓▓▓▓▓▓▓▓▓▓▓▓▓▓▓▓▓ +4YKhlo@..[[[.)?!'______ ▓▓▓▓▓▓▓▓▓▓▓▓▓▓▓▓▓▓▓▓▓▓▓▓

You could see a hellwing (summoned), a kobold demonologist, a yak, an orc warrior, a wyvern and a howler monkey.

Vanquished Creatures
  A killer bee (D)
  2 howler monkeys (D)
  A gnoll bouda (D)
  A hound (D)
  An iguana (D)
  A dart slug (D)
  A goblin (D)
  A hobgoblin (D)
  2 frilled lizards (D)
11 creatures vanquished.

Notes
Turn   | Place    | Note
-------+----------+-------------------------------------------
     0 | D        | Heoruswealwe the Minotaur Fighter began the quest for the
                  | Orb.
     0 | D        | Reached XP level 1. HP: 19/19 MP: 0/0
     9 | D        | Reached skill level 3 in Polearms
    14 | D        | Reached skill level 4 in Polearms
    19 | D        | Noticed a howler monkey
    19 | D        | Noticed a howler monkey
    19 | D        | Noticed a hound
    19 | D        | Noticed an iguana
    19 | D        | Noticed a gnoll bouda
    25 | D        | Killed a gnoll bouda
    26 | D        | Reached skill level 5 in Fighting
    26 | D        | Reached skill level 5 in Polearms
    26 | D        | Reached skill level 5 in Armour
    26 | D        | Reached XP level 2. HP: 6/29 MP: 1/1
    26 | D        | Reached XP level 3. HP: 8/36 MP: 2/2
    30 | D        | Reached skill level 6 in Polearms
    35 | D        | Reached skill level 7 in Polearms
    35 | D        | Reached XP level 4. HP: 38/44 MP: 3/3
    38 | D        | Reached skill level 8 in Polearms
    40 | D        | Reached skill level 9 in Polearms
    40 | D        | Reached XP level 5. HP: 44/52 MP: 4/4
    46 | D        | Found a snail-covered altar of Cheibriados.
    46 | D        | Found a shadowy altar of Dithmenos.
    46 | D        | Found a white marble altar of Elyvilon.
    46 | D        | Found a blossoming altar of Fedhas.
    46 | D        | Found an opulent altar of Gozag.
    47 | D        | Found a hazy altar of Hepliaklqana.
    48 | D        | Found a viscous altar of Jiyva.
    49 | D        | Found an ancient bone altar of Kikubaaqudgha.
    50 | D        | Found a corrupted altar of Lugonu.
    51 | D        | Found a burning altar of Makhleb.
    52 | D        | Found a sparkling altar of Nemelex Xobeh.
    53 | D        | Found an iron altar of Okawaru.
    54 | D        | Became a worshipper of Gozag Ym Sagoz the Greedy
    55 | D        | Found a stormy altar of Qazlal.
    56 | D        | Found a sacrificial altar of Ru.
    57 | D        | Found a shimmering blue altar of Sif Muna.
    58 | D        | Found a bloodstained altar of Trog.
    59 | D        | Found a hide-covered altar of Uskayaw.
    60 | D        | Found a radiant altar of Vehumet.
    61 | D        | Found an ornate altar of the Wu Jian Council.
    62 | D        | Found a shimmering altar of Xom.
    63 | D        | Found a basalt altar of Yredelemnul.
    64 | D        | Found a glowing silver altar of Zin.
    65 | D        | Found a glowing golden altar of the Shining One.
    89 | D        | Noticed a yak
    89 | D        | Noticed a kobold demonologist
    89 | D        | Noticed a wyvern
    89 | D        | Noticed an orc warrior
    94 | D        | Noticed a hellwing
    99 | D        | Reached skill level 10 in Polearms
    99 | D        | Slain by an orc warrior

Illustrated notes

Levels and vault maps discovered:
D:        linesprint [early_d, line_temple, items_1, d_10, items_2, lair_1,
          lair_end, items_3, orc_1, orc_end, items_4, d_15, swamp_1, shoals_1,
          snake_1, spider_1, d_20, vaults_1, items_5, swamp_end, shoals_end,
          snake_end, spider_end, vaults_end, d_27, items_6, zot_1, zot_end,
          crypt_end, forest_end, elf_end, slime_end, tomb_end, abyss_end,
          pan_hell_end]

Skill      XL: |  1  2  3  4  5 |
---------------+----------------+-----
Fighting       | 5 6 7 |  7.8
Polearms       | 5 7 9 10 | 10.1
Armour         | 5 6 7 |  7.8
Shields        | |  3.6

Action                     |  1- 3 |  4- 6 || total
---------------------------+-------+-------++-------
  Melee: Trident           |    22 |    14 ||    36
         Headbutt          |     4 |     3 ||     7
    Use: Potion            |     1 |       ||     1
 Armour: Scale mail        |     5 |     3 ||     8
  Dodge: Dodged            |     8 |     8 ||    16
  Block: Buckler           |     2 |     7 ||     9
